 Dungeon Crawl Stone Soup version 0.01-2113-gba4e2f8f9f (webtiles) character file.

Game seed: 8186106218169894646, levelgen mode: deterministic

5684 Lanoc the Fighter (level 10, -5/96 HPs) Green Draconian Demonspawn. Began on June 5, 2020. Was a Believer of Fedhas. Slain by a war dog (10 damage) ... led by Grum ... on level 6 of the Dungeon. The game lasted 00:21:51 (5394 turns).

Lanoc the Fighter (Green Draconian Demonspawn)      Turns: 5394, Time: 00:21:53

Health: -5/96      AC:  0    Str: 17    XL:     10 ^: 2852
Magic:  17/17      EV: 20    Int: 12    God:    Fedhas [**.... (57)]
Gold:   216        SH:  0    Dex: 14    Spells: 13/14 levels left

rFire    . . .     Vision   .   a - +0 long sword
rCold    + . .     Gourm    .   p - +1 dagger (acid)
rNeg     . . .     Faith    .   (armour unavailable)
rPois    +         Spirit   .   (helmet restricted)
rElec    +         Reflect  .   k - scarf {repulsion}
rCorr    .         Harm     .   (no gloves)
MR       .....                  (no boots)
Stlth    ++........             (no amulet)
HPRegen  0.42/turn              u - ring of chaos
MPRegen  0.27/turn              (no ring)

@: corroded, repel missiles
A: no body armour, unfitting armour, repulsion field 2, foul stench 1,
cold-blooded, rot immunity, boosted slings aptitude, poison enhancer 1, rPois,
AC +8
a: Breathe Noxious Fumes, Fungal Bloom, Sunlight, Evolution, Renounce Religion


You were on level 6 of the Dungeon.
You worshipped Fedhas.
Fedhas was pleased with you.
You were very hungry.

You visited 2 branches of the dungeon, and saw 7 of its levels.

You collected 216 gold pieces.

Inventory:

Weapons
 a - a +0 long sword (weapon)
 p - a +1 dagger of caustic ooze (weapon)
Armour
 k - a scarf of repulsion (worn)
Jewellery
 u - a ring of chaos (left hand)
Wands
 o - a wand of hasting (1)
 t - a wand of polymorph (15)
 v - a wand of flame (1)
Scrolls
 b - 2 scrolls of magic mapping
 e - 7 scrolls of teleportation
 f - 2 scrolls of immolation
 m - 3 scrolls of enchantment
 r - a scroll of fear
Potions
 d - 2 potions of lignification
 g - 2 potions of might
 h - a potion of cancellation
 i - a potion of magic
 j - a potion of mutation
 l - 2 potions of curing
 q - a potion of ambrosia
 s - a potion of haste
Comestibles
 c - 15 rations
 n - 5 chunks of flesh


   Skills:
 + Level 11.3 Fighting
 - Level 1.5 Long Blades
 + Level 8.3 Dodging
 - Level 1.3 Stealth
 - Level 2.6 Spellcasting
 + Level 9.5 Invocations


You had 13 spell levels left.
You knew the following spells:

 Your Spells              Type           Power        Failure   Level  Hunger
a - Lick                  Fire           1 (40)       26%         1    #......

Your spell library contained the following spells:

 Spells                   Type           Power        Failure   Level  Hunger
 Animate Skeleton         Necr           N/A          26%         1    #......
 Pain                     Hex/Necr       1 (25)       26%         1    #......
 Blink                    Tloc           N/A          36%         2    ###....
 Call Imp                 Summ           1 (100)      36%         2    ###....
 Slow                     Hex            1 (100)      36%         2    ###....
 Chaotic Cloudburst       Pois/Air       2 (100)      58%         3    ###....
 Random Cloud             Fire           1 (100)      58%         3    ###....
 Regeneration             Chrm/Necr      1 (200)      58%         3    ###....
 Vampiric Draining        Necr           1 (200)      58%         3    ###....
 Animate Dead             Necr           N/A          94%         4    #####..


Dungeon Overview and Level Annotations

Branches:
Dungeon (6/8)              Temple (1/1) D:4            Lair (0/6) D:5
    Orc: D:6

Altars:
Ashenzari
Dithmenos
Elyvilon
Fedhas
Gozag
Hepliaklqana
Kikubaaqudgha
Makhleb
Okawaru
Qazlal
Ru
Sif Muna
Trog
Vehumet
Wu Jian
Xom
Yredelemnul
Zin
The Shining One

Annotations:
D:5 Nergalle


Innate Abilities, Weirdness & Mutations

You cannot fit into any form of body armour.
Your lurid green scales are hard. (AC +8)
You can breathe clouds of noxious fumes.
You are surrounded by a moderate repulsion field. (EV +3)
You may emit foul miasma when damaged in melee.
You are cold-blooded and may be slowed by cold attacks.
You are immune to rotting.
You are naturally skilled at Slings (Aptitude +3).
You are in touch with the powers of venom.
Your lurid green scales grant you resistance to poison. (rPois)


Message History

The war dog is almost dead. (2/29) HP The war dog misses you (0).
The war dog closely misses you (0).
You riposte.
You closely miss the war dog. The war dog barely misses you (0).
Unknown command.
You hit the war dog but do no damage.
The war dog is almost dead. (2/29) HP You are struck by the war dog's spiked collar.
* * * LOW HITPOINT WARNING * * *
You hit the war dog (2).
You kill the war dog!
The death knight offers itself to Yredelemnul, and fills with unholy energy.
Unknown command.
You climb downwards.
Fedhas's fungi set to work.
Fedhas appreciates ongoing decay.
The war dog barely misses you (0).
You riposte.
You hit the war dog but do no damage.
The war dog is healthy. (27/27) HP The war dog bites you (10)!
You die...
Fedhas appreciates your contribution to the ecosystem.

### ..# #.# #.#
#.# # #.#
#.###.#######.##..
#.h@hh....)†)..[..
#####.#######.##..
#.# #.# #.# #.#
#.# #..


You could see 3 war dogs.

Vanquished Creatures
  2 two-headed ogres (D:5)
  A troll (D:5)
  A slime creature (D:2)
  A hippogriff (D:5)
  A war dog (D:5)
  4 yaks (D:5)
  Grum (D:6)
  Purgy (D:2)
  4 porcupines
  A black bear (D:4)
  2 sky beasts
  An ogre (D:4)
  4 ice beasts
  2 crocodiles
  2 big kobolds
  2 bullfrogs
  2 centaurs
  2 scorpions
  5 howler monkeys
  A quasit (D:4)
  8 jellies
  2 hounds (D:5)
  6 orc priests
  5 orc wizards
  Terence (D:2)
  A worker ant (D:5)
  A bullfrog zombie (D:4)
  7 bullfrog skeletons
  A shadow imp (D:4)
  10 adders
  4 gnolls (D:3)
  9 sewer rats (D:2)
  2 worms
  11 cinder newts
  6 oozes
  7 leopard geckos
  14 orcs
  4 adder skeletons
  2 ball pythons
  A cinder newt skeleton (D:2)
  10 giant cockroaches
  3 goblins (D:1)
  2 hobgoblins (D:1)
  4 jackals (D:3)
  10 kobolds
  4 quokkas
  3 bats (D:1)
  3 bat skeletons (D:2)
  A leopard gecko skeleton (D:5)
  2 rats (D:1)
  A withered plant (D:2)
185 creatures vanquished.

Vanquished Creatures (collateral kills)
  2 porcupines (D:5)
  2 orcs (D:3)
4 creatures vanquished.

Vanquished Creatures (others)
  A sewer rat (D:2)
  A goblin skeleton (D:2)
  A kobold (D:2)
  A rat skeleton (D:2)
  43 fungi (D:5)
  14 plants (D:5)
  A toadstool (D:5)
62 creatures vanquished.

Grand Total: 251 creatures vanquished

Notes
Turn   | Place    | Note
-------+----------+-------------------------------------------
     0 | D:1      | Lanoc the Immature Draconian Demonspawn began the quest for
                  | the Orb.
     0 | D:1      | Reached XP level 1. HP: 18/18 MP: 4/4
    43 | D:1      | Gained mutation: You are surrounded by a mild repulsion
                  | field. (EV +2) [demonic ancestry]
    43 | D:1      | Reached XP level 2. HP: 14/25 MP: 2/5
    80 | D:1      | Reached skill level 3 in Fighting
   288 | D:1      | Reached XP level 3. HP: 29/31 MP: 7/7
   946 | D:2      | Reached XP level 4. HP: 23/40 MP: 2/8
  1003 | D:2      | Reached skill level 4 in Fighting
  1010 | D:2      | Noticed Terence
  1022 | D:2      | Killed Terence
  1081 | D:2      | Reached XP level 5. HP: 47/47 MP: 7/9
  1103 | D:2      | Noticed a slime creature
  1116 | D:2      | Killed a slime creature
  1116 | D:2      | Reached skill level 5 in Fighting
  1116 | D:2      | Gained mutation: You are surrounded by a moderate repulsion
                  | field. (EV +3) [demonic ancestry]
  1116 | D:2      | Reached XP level 6. HP: 29/56 MP: 2/10
  1300 | D:2      | Reached skill level 6 in Fighting
  1425 | D:2      | Your scales start taking on a lurid green colour.
  1425 | D:2      | Reached XP level 7. HP: 63/63 MP: 7/11
  1425 | D:2      | Gained mutation: Your lurid green scales grant you
                  | resistance to poison. (rPois) [Green Draconian growth]
  1425 | D:2      | Gained mutation: You are in touch with the powers of venom.
                  | [Green Draconian growth]
  1739 | D:2      | Noticed Purgy
  1754 | D:2      | Killed Purgy
  1754 | D:2      | Reached skill level 7 in Fighting
  1754 | D:2      | Reached skill level 5 in Dodging
  2839 | D:3      | Reached XP level 8. HP: 42/73 MP: 12/12
  3264 | D:4      | Reached skill level 8 in Fighting
  3471 | D:4      | Found a staircase to the Ecumenical Temple.
  3495 | Temple   | Entered the Ecumenical Temple
  3706 | Temple   | Became a worshipper of Fedhas Madash
  3752 | D:4      | Reached skill level 9 in Fighting
  4111 | D:5      | Entered Level 5 of the Dungeon
  4127 | D:5      | Noticed a death knight
  4163 | D:4      | Gained mutation: You are immune to rotting. [demonic
                  | ancestry]
  4163 | D:4      | Reached XP level 9. HP: 74/83 MP: 9/13
  4239 | D:5      | Found a white marble altar of Elyvilon.
  4245 | D:5      | Found a shimmering altar of Xom.
  4246 | D:5      | Found a radiant altar of Vehumet.
  4249 | D:5      | Found a shattered altar of Ashenzari.
  4287 | D:5      | Noticed a two-headed ogre
  4298 | D:5      | Killed a two-headed ogre
  4298 | D:5      | Reached skill level 5 in Invocations
  4324 | D:5      | Noticed Nergalle
  4327 | D:5      | Noticed a troll
  4350 | D:5      | Reached skill level 10 in Fighting
  4506 | D:5      | Noticed a two-headed ogre
  4520 | D:5      | Reached * piety under Fedhas
  4522 | D:5      | HP: 2/85 [two-headed ogre/+0 giant spiked club (25)]
  4522 | D:5      | Killed a two-headed ogre
  4788 | D:5      | Gained mutation: You are naturally skilled at Slings
                  | (Aptitude +3). [draconic bloodline]
  4788 | D:5      | Gained mutation: You may emit foul miasma when damaged in
                  | melee. [demonic ancestry]
  4788 | D:5      | Reached XP level 10. HP: 85/94 MP: 15/15
  5009 | D:5      | Found a staircase to the Lair.
  5163 | D:5      | Reached skill level 11 in Fighting
  5347 | D:5      | Reached ** piety under Fedhas
  5371 | D:6      | Noticed Grum
  5380 | D:6      | Killed Grum
  5391 | D:5      | HP: 3/96 [war dog's spines[Grum] (2)]
  5394 | D:6      | Slain by a war dog

Levels and vault maps discovered:
D:1:      scummos_arrival_star, layout_basic
D:2:      layout_sewer, uniq_terence, uniq_purgy
D:3:      layout_basic, first_ration
D:4:      layout_loops_ring, minmay_temple_entry_hall
D:5:      layout_loops_corners, minitemple, due_lair_maze_entry_diamond,
          uniq_nergalle
D:6:      layout_loops_ring, grunt_temple_overflow_open,
          minmay_orc_entry_guard_dogs, uniq_grum, uniq_nessos, uniq_jorgrun
Temple:   regret_index_temple_generic_petals

Skill      XL: |  1  2  3  4  5  6  7  8  9 10 |
---------------+-------------------------------+-----
Fighting       | 3 4 5 6 7 9 10 11 | 11.3
Dodging        | 3 4 5 6 7 8 |  8.3
Invocations    | 4 7 9 |  9.5
Long Blades    | |  1.5
Stealth        | |  1.3
Spellcasting   | |  2.6

Action                   |  1- 3 |  4- 6 |  7- 9 | 10-12 || total
-------------------------+-------+-------+-------+-------++-------
Melee: Long sword        |    38 |    33 |   182 |    70 ||   323
       Unarmed           |    27 |    28 |    70 |       ||   125
       Tailslap          |     3 |     2 |    40 |    19 ||    64
       Dagger            |       |       |    87 |    61 ||   148
Throw: Stone             |       |       |     1 |       ||     1
 Cast: Lick              |     3 |    27 |    38 |       ||    68
Invok: Fungal Bloom      |       |       |     1 |       ||     1
 Abil: Breathe Dart      |     3 |     7 |       |       ||    10
       Breathe Noxious F |       |       |    28 |     9 ||    37
  Use: Potion            |       |       |     1 |       ||     1
 Stab: Sleeping          |     1 |     1 |     2 |       ||     4
       Confused          |       |       |    25 |    14 ||    39
  Eat: Chunk             |       |     4 |    20 |     3 ||    27
Armor: Skin              |    12 |    15 |    34 |    12 ||    73
Dodge: Dodged            |    44 |    66 |   251 |    96 ||   457
       Deflected         |       |       |     1 |       ||     1
       Rpst.: Unarmed    |    16 |    16 |    26 |       ||    58
       Long sword        |    11 |    27 |    67 |    30 ||   135
       Dagger            |       |       |    36 |    18 ||    54
